 Dungeon Crawl Stone Soup version 0.28-a0-1389-gc726bef33b (webtiles) character file.

Game seed: 4105521892937113673

62 rogsnak the Gusty (level 3, 0/36 HPs)
             Began as a Demonspawn Air Elementalist on Jan 3, 2022.
             Succumbed to an adder's poison
             ... on level 2 of the Dungeon.
             The game lasted 00:04:02 (2134 turns).

rogsnak the Gusty (Demonspawn Air Elementalist)     Turns: 2134, Time: 00:04:03

Health: 0/36       AC: 21    Str:  8    XL:     3   Next: 85%
Magic:  3/6        EV:  2    Int: 18    God:
Gold:   44         SH:  0    Dex: 13    Spells: 5/6 levels left

rFire   + . .      SeeInvis .   c - +0 short sword (drain)
rCold   + . .      Faith    .   (no shield)
rNeg    . . .      Spirit   .   (armour currently unavailable)
rPois   +          Reflect  .   (helmet currently unavailable)
rElec   +          Harm     .   (cloak currently unavailable)
rCorr   +          Rampage  .   (gloves currently unavailable)
Will    .....      NoTele   +   (boots currently unavailable)
Stlth   ++........              (no amulet)
HPRegen 0.12/turn               (no ring)
MPRegen 0.10/turn               (no ring)

@: lethally poisoned (0 -> -3), tree-form, resistant, attractive
A: stationary, stasis, torment immunity, boosted hp, (antennae 1), (hooves 1)
a: no special abilities


You were on level 2 of the Dungeon.
You were a tree.
You visited 1 branch of the dungeon, and saw 2 of its levels.

You collected 44 gold pieces.

Inventory:

Hand Weapons
 b - a +0 vorpal spear
 c - a +0 short sword of draining (weapon)
Armour
 a - a +0 robe (melded)
 m - the +0 ring mail of Pragmatism {Regen+ rCorr Stlth+}
   (You found it on level 2 of the Dungeon)

   Regen:     It increases your rate of health regeneration.
   rCorr:     It protects you from acid and corrosion.
   Stlth:     It makes you more stealthy.
Jewellery
 k - a ring of fire
Scrolls
 e - 2 scrolls of identify {unknown}
 h - a scroll of amnesia {unknown}
 l - a scroll of vulnerability {unknown}
Potions
 j - a potion of attraction


   Skills:
 + Level 0.2 Fighting
 + Level 2.3 Dodging
 - Level 1.7 Stealth
 + Level 2.3 Spellcasting
 * Level 2.1 Conjurations
 + Level 3.3 Air Magic


You had 5 spell levels left.
You knew the following spells:

 Your Spells              Type           Power      Damage    Failure   Level
a - Shock                 Conj/Air       48%        1d6       5%          1

Your spell library contained the following spells:

 Spells                   Type           Power      Damage    Failure   Level
 Static Discharge         Conj/Air       12%        N/A       9%          2
 Swiftness                Air            14%        N/A       13%         3
 Airstrike                Air            7%         N/A       41%         4


Dungeon Overview and Level Annotations

Branches:
Dungeon (2/15)

Altars:
Wu Jian


Innate Abilities, Weirdness & Mutations

You are a tree.
Your roots penetrate the ground, keeping you stationary.
You cannot be teleported.
You are immune to unholy pain and torment.
Your maximum health is greatly increased.
Your equipment is partially melded.
((You have a pair of small antennae on your head.))
((You have large cloven feet.))


Message History

You barely miss the adder. Your kick misses the adder.
The adder is almost dead.
* * * LOW HITPOINT WARNING * * *
You feel very sick. The adder bites you.
* * * LOW HITPOINT WARNING * * *
You hit the adder but do no damage. You drain the adder.
You kill the adder!
* * * LOW HITPOINT WARNING * * *
You feel sick.
Unknown command.
There is a lethal amount of poison in your body!
It was a potion of lignification.
You turn into a tree.
Your +0 robe melds into your body.
Your roots penetrate the ground.
* * * LOW HITPOINT WARNING * * *
You feel sick.
Okay, then.
There is a lethal amount of poison in your body!
It was a potion of resistance.
You feel protected.
* * * LOW HITPOINT WARNING * * *
You feel sick.
Okay, then.
There is a lethal amount of poison in your body!
It was a potion of attraction.
You feel attractive to monsters.
* * * LOW HITPOINT WARNING * * *
You feel sick.
There is a lethal amount of poison in your body!
As you read the scroll labelled RULYTZ UFYRU, it crumbles to dust.
You hear a loud clanging noise!
It was a scroll of noise.
* * * LOW HITPOINT WARNING * * *
You feel sick.
You hear an angry hiss. x2
As you read the scroll labelled HIPUUF OTACAE, it crumbles to dust.
It is a scroll of brand weapon.
Your +0 spear emits a brilliant flash of light!
b - a +0 vorpal spear You die...

##.#......##.#
#.#......##)#.....#
#.#......##.#.....#
#........##.#.....#
##.......##.#.....#
#.......##.#.....#
##......##.#.....+
######......##.#†....#
#..............♣#
##........#####..#
.'............#..#
##.........####$.#
#.........# #..#
##.........# #..#
............# #..#
............# #..#
............


There were no monsters in sight!

Vanquished Creatures
  An adder (D:2)
  A worm (D:2)
  2 dart slugs (D:1)
  An orc (D:2)
  3 ball pythons
  7 endoplasms
  2 giant cockroaches
  4 goblins
  2 hobgoblins
  7 jackals
  A quokka (D:1)
  2 bats
  A frilled lizard (D:1)
  3 kobolds
  A rat (D:2)
38 creatures vanquished.

Notes
Turn   | Place    | Note
-------+----------+-------------------------------------------
     0 | D:1      | rogsnak the Demonspawn Air Elementalist began the quest for
                  | the Orb.
     0 | D:1      | Reached XP level 1. HP: 13/13 MP: 3/3
   488 | D:1      | Reached skill level 3 in Air Magic
   488 | D:1      | Discovered your monstrous ancestry.
   488 | D:1      | Gained mutation: You have large cloven feet. [demonic
                  | ancestry]
   488 | D:1      | Reached XP level 2. HP: 12/19 MP: 0/5
  1405 | D:1      | Gained mutation: You have a pair of small antennae on your
                  | head. [demonic ancestry]
  1405 | D:1      | Reached XP level 3. HP: 23/24 MP: 6/6
  1533 | D:2      | Found a faded altar of an unknown god.
  1840 | D:2      | Found an ornate altar of the Wu Jian Council.
  2084 | D:2      | Identified the +0 ring mail of Pragmatism {Regen+ rCorr
                  | Stlth+}
  2132 | D:2      | HP: 1/36 [poisoned by an adder]
  2134 | D:2      | Succumbed to an adder's poison

Illustrated notes

Levels and vault maps discovered:
D:1:      saegor_arrival_simple_e, layout_loops_cross, corexii_hall_statues_s
D:2:      layout_basic, nicolae_ecumenical_oubliette, basic_altar

Skill      XL: |  1  2  3 |
---------------+----------+-----
Dodging        | 2 |  2.3
Air Magic      | 3 |  3.3
Conjurations   | 2 |  2.1
Fighting       | |  0.2
Stealth        | |  1.7
Spellcasting   | |  2.3

Action                   || total
-------------------------++-------
Melee: Short sword       ||    49
       Unarmed           ||     8
       Kick              ||     4
 Cast: Shock             ||    64
  Use: Potion            ||     3
       Scroll            ||     2
 Stab: Sleeping          ||     1
Armor: Robe              ||    10
Dodge: Dodged            ||    33

Table legend: (Time is in decaauts)
 A = Elapsed time spent in this place.
 B = Non-inter-level travel time spent in this place.
 C = Inter-level travel time spent in this place.
 D = Time resting spent in this place.
 E = Time spent auto-exploring this place.
 F = Levels seen in this place.
 G = Mean time per level.
                   A        B        C        D        E       F      G
               +--------+--------+--------+--------+--------+-----+--------+
         Total |   2138 |   2114 |     24 |    589 |   1178 |   2 | 1069.0 |
       Dungeon |   2138 |   2114 |     24 |    589 |   1178 |   2 | 1069.0 |
               +--------+--------+--------+--------+--------+-----+--------+

Top non-repeatable levels by time:
     D:1: 1539 daAuts
     D:2: 599 daAuts
